 Dungeon Crawl Stone Soup version 0.32-a0-872-g59262bdc9b (webtiles) character file.

Game seed: 17890594556221280183

8 601d51SH the Covert (level 2, 0/29 HPs)
             Began as a Gnoll Delver on Mar 31, 2024.
             Slain by an orc
             ... wielding a +0 mace
              (6 damage)
             ... in the Ecumenical Temple.
             The game lasted 00:00:26 (67 turns).

601d51SH the Covert (Gnoll Delver)                    Turns: 67, Time: 00:00:27

Health: 0/29       AC:  3    Str: 11    XL:     2   Next: 8%
Magic:  2/2        EV: 12    Int:  9    God:
Gold:   0          SH:  0    Dex: 13    Spells: 1/1 levels left

rFire   . . .        a - +0 spear
rCold   . . .        (no shield)
rNeg    . . .        b - +0 leather armour
rPois   .            (no helmet)
rElec   .            (no cloak)
rCorr   .            (no gloves)
SInv    .            (no boots)
Will    .....        (no amulet)
Stlth   ++++         (no ring)
HPRegen 0.24/turn    (no ring)
MPRegen 0.08/turn

%: no passive effects
@: no status effects
A: fangs 1, strong nose, distributed training
a: no special abilities


You were in the Ecumenical Temple.
You visited 2 branches of the dungeon, and saw 3 of its levels.

Inventory:

Hand Weapons
 a - a +0 spear (weapon)
Armour
 b - a +0 leather armour (worn)
Wands
 g - a wand of digging (3)
Scrolls
 c - a scroll of fog
 d - a scroll of revelation
 e - a scroll of fear
 h - a scroll of noise {unknown}
Potions
 f - a potion of haste


   Skills:
 + Level 6.4 Fighting
 + Level 0.3 Short Blades
 + Level 0.3 Long Blades
 + Level 0.3 Axes
 + Level 0.3 Maces & Flails
 + Level 4.4 Polearms
 + Level 0.3 Staves
 + Level 0.3 Ranged Weapons
 + Level 0.3 Throwing
 + Level 0.3 Armour
 + Level 4.4 Dodging
 + Level 9.5 Stealth
 + Level 0.3 Shields
 + Level 0.3 Unarmed Combat
 + Level 0.3 Spellcasting
 + Level 0.2 Conjurations
 + Level 0.2 Hexes
 + Level 0.2 Summonings
 + Level 0.2 Necromancy
 + Level 0.2 Translocations
 + Level 0.2 Fire Magic
 + Level 0.2 Ice Magic
 + Level 0.2 Air Magic
 + Level 0.2 Earth Magic
 + Level 0.2 Alchemy
 + Level 0.4 Invocations
 + Level 0.3 Evocations
 + Level 0.2 Shapeshifting


You had one spell level left.
You didn't know any spells.
Your spell library was empty.

Dungeon Overview and Level Annotations

Branches:
Dungeon (5/15)             Temple (1/1) D:4

Altars:
Cheibriados
Kikubaaqudgha
Nemelex Xobeh
Okawaru
Qazlal
Ru
Sif Muna
Trog
Vehumet
Wu Jian
Xom


Innate Abilities, Weirdness & Mutations

You have very sharp teeth.
Your uncanny sense of smell can sniff out nearby items.
Your experience applies equally to all skills.


Message History

Found a staircase to the Ecumenical Temple.
A hound comes into view.
The orc shouts!
You hit the orc.
The orc is heavily wounded.
You hear a shout! x2; You hear a bark!
You hear a shout!
The orc hits you with a +0 mace.
You hit the orc.
You kill the orc!
You have reached level 2!
An orc comes into view. It is wielding a +0 mace.
An orc comes into view. It is wielding a +0 dagger.
You see here a +0 mace.
You hear the slow rusting of a drain nearby.
The hound barks!
The hound closely misses you. The orc hits you with a +0 dagger.
An orc comes into view. It is wielding a +0 short sword.
The orc barely misses you. The hound bites you but does no damage.
The hound bites you. The orc hits you with a +0 mace.
The hound attacks as it pursues you! The hound barely misses you.
The orc attacks as it pursues you! The orc hits you but does no damage.
There is a staircase to the Ecumenical Temple here.
You can't go up here!
Unknown command.
The hound bites you. The hound barely misses you.
You climb downwards.
Welcome to the Ecumenical Temple!
Found a sacrificial altar of Ru.
Found a staircase back to the Dungeon.
There is a staircase back to the Dungeon here.
You hit the hound but do no damage. The hound bites you.
The orc barely misses you.
You barely miss the hound. The hound bites you.
* * * LOW HITPOINT WARNING * * *
You hit the hound.
The hound is lightly wounded.
The hound closely misses you. The orc completely misses you.
The hound misses you.
You hit the hound but do no damage. You bite the hound, but do no damage.
The hound is lightly wounded.
The orc hits you with a +0 mace.
You die...

..............♣...~≈≈♣
♣.....♣.♣♣♣.......§≈≈♣♣
♣.._.~♣♣♣♣♣......~.~≈≈♣♣
♣.~~..♣♣♣♣~.♣§...~~.~≈≈♣♣
..........♣...~~.§_..≈≈≈♣
...♣♣.~♣....~~~~~...~≈§≈♣
_..♣...~.~~~~~~~~~~~§≈≈≈♣
..~...≈~≈≈~~.~....~~~≈≈♣♣
...~~~~≈≈≈≈≈~..h@o.~≈♣♣♣
♣♣~~≈~≈≈≈§≈≈≈~~~...≈≈♣
♣♣♣≈≈≈≈≈≈≈≈≈≈≈≈≈≈≈~~♣♣
♣♣♣♣♣♣♣≈≈≈≈≈≈≈♣♣♣♣♣
♣♣♣♣♣♣♣♣♣


You could see a hound and an orc.

Vanquished Creatures
  2 orcs (D:4)
  A giant cockroach (D:4)
  A goblin (D:4)
  A kobold (D:4)
5 creatures vanquished.

Notes
Turn   | Place    | Note
-------+----------+-------------------------------------------
     0 | D:5      | Reached skill level 9 in Stealth
     0 | D:5      | 601d51SH the Gnoll Delver began the quest for the Orb.
     0 | D:5      | Reached XP level 1. HP: 23/23 MP: 1/1
    52 | D:4      | Found a staircase to the Ecumenical Temple.
    52 | D:4      | Noticed a hound
    56 | D:4      | Reached XP level 2. HP: 23/29 MP: 2/2
    63 | Temple   | Entered the Ecumenical Temple
    67 | Temple   | Slain by an orc

Illustrated notes

Levels and vault maps discovered:
D:4:      layout_gridville, minmay_temple_entry_large_hall,
          gup_sewer_entry_pipe, nicolae_hexahallways
D:5:      layout_basic, mainiacjoe_overflow_small_starburst, uniq_menkaure,
          uniq_duvessa, uniq_pikel
Temple:   nicolae_temple_bog_church

Skill      XL: | |
---------------+-+-----
Stealth        | |  9.5
Fighting       | |  6.4
Short Blades   | |  0.3
Long Blades    | |  0.3
Axes           | |  0.3
Maces & Flails | |  0.3
Polearms       | |  4.4
Staves         | |  0.3
Ranged Weapons | |  0.3
Throwing       | |  0.3
Armour         | |  0.3
Dodging        | |  4.4
Shields        | |  0.3
Unarmed Combat | |  0.3
Spellcasting   | |  0.3
Conjurations   | |  0.2
Hexes          | |  0.2
Summonings     | |  0.2
Necromancy     | |  0.2
Translocations | |  0.2
Fire Magic     | |  0.2
Ice Magic      | |  0.2
Air Magic      | |  0.2
Earth Magic    | |  0.2
Alchemy        | |  0.2
Invocations    | |  0.4
Evocations     | |  0.3
Shapeshifting  | |  0.2

Action                     || total
---------------------------++-------
  Melee: Spear             ||    19
         Bite              ||     3
 Armour: Leather armour    ||    15
  Dodge: Dodged            ||    17

Table legend: (Time is in decaauts)
 A = Elapsed time spent in this place.
 B = Non-inter-level travel time spent in this place.
 C = Inter-level travel time spent in this place.
 D = Time resting spent in this place.
 E = Time spent auto-exploring this place.
 F = Levels seen in this place.
 G = Mean time per level.
                   A        B        C        D        E       F      G
               +--------+--------+--------+--------+--------+-----+--------+
         Total |     64 |     64 |      0 |      0 |      0 |   3 |   21.3 |
       Dungeon |     60 |     60 |      0 |      0 |      0 |   2 |   30.0 |
        Temple |      3 |      3 |      0 |      0 |      0 |   1 |    3.0 |
               +--------+--------+--------+--------+--------+-----+--------+

Top non-repeatable levels by time:
     D:4: 55 daAuts
     D:5: 5 daAuts
  Temple: 3 daAuts
